 Dungeon Crawl Stone Soup version 0.31.0-11-ge490571c62 (webtiles) character file.

Game seed: 14745757489706952228

221 Gadfly the Insei (level 5, -1/41 HPs)
             Began as a Demonspawn Monk on Feb 1, 2024.
             Slain by a gnoll
             ... wielding a +0 halberd
              (14 damage)
             ... on level 4 of the Dungeon.
             The game lasted 00:03:17 (3201 turns).

Gadfly the Insei (Demonspawn Monk)                  Turns: 3201, Time: 00:03:17

Health: -1/41      AC:  3    Str: 14    XL:     5   Next: 65%
Magic:  7/7        EV: 13    Int: 10    God:
Gold:   254        SH:  4    Dex: 15    Spells: 4/4 levels left

rFire   . .          .
                       - Unarmed
rCold   . . .        (no shield)
rNeg    + . .        a - +1 robe
rPois   .            (no helmet)
rElec   .            (no cloak)
rCorr   .            (no gloves)
SInv    .            (no boots)
Will    .....        (no amulet)
Stlth   +            k - ring of positive energy
HPRegen 0.26/turn    (no ring)
MPRegen 0.10/turn

%: no passive effects
@: no status effects
A: foul stench 1, condensation shield, demonic touch 1
a: no special abilities


You were on level 4 of the Dungeon.
You visited 1 branch of the dungeon, and saw 4 of its levels.

You collected 254 gold pieces.

Inventory:

Hand Weapons
 b - a +2 whip of freezing
Missiles
 o - a throwing net (quivered)
Armour
 a - a +1 robe (worn)
 c - an orb of light
Jewellery
 k - a ring of positive energy (left hand)
Scrolls
 l - 2 scrolls of noise {unknown}
 n - a scroll of identify
Potions
 d - a potion of lignification {unknown}
 e - a potion of heal wounds
 f - 4 potions of curing
 g - a potion of invisibility {unknown}
 h - a potion of berserk rage
 i - a potion of cancellation {unknown}
 j - a potion of degeneration {unknown}
 m - 2 potions of haste {unknown}
 p - a potion of ambrosia


   Skills:
 - Level 3.0 Fighting
 + Level 3.1 Dodging
 * Level 3.6 Unarmed Combat
 * Level 3.0 Invocations
 * Level 2.4 Evocations
 * Level 1.9 Shapeshifting


You had 4 spell levels left.
You didn't know any spells.
Your spell library contained the following spells:

 Spells                   Type           Power      Damage    Failure   Level
 Apportation              Tloc           0%         N/A       36%         1
 Jinxbite                 Hex            0%         N/A       50%         2
 Tukima's Dance           Hex            0%         N/A       75%         3
 Passage of Golubria      Tloc           0%         N/A       98%         4
 Alistair's Intoxication  Alch           0%         N/A       100%        5
 Yara's Violent Unravell  Hex/Alch       0%         3d3       100%        5
 Haunt                    Necr/Summ      0%         N/A       100%        7
 Borgnjor's Revivificati  Necr           0%         N/A       100%        8
 Death's Door             Necr           0%         N/A       100%        9


Dungeon Overview and Level Annotations

Branches:
Dungeon (4/15)
 Temple: D:4-7

Altars:


Innate Abilities, Weirdness & Mutations

You may rarely emit foul miasma when damaged in melee.
A meltable shield of frost defends you. (SH +4)
Your touch may inflict minor irresistible damage on your foes.


Message History

A hound and a gnoll come into view.
The hound barks!
The gnoll shouts!
There is an open door here.
The hound closely misses you.
A gnoll comes into view. It is wielding a +0 halberd.
The hound bites you.
You closely miss the hound.
The gnoll shouts!
The hound bites you but does no damage. The gnoll barely misses you.
You hit the hound but do no damage.
You touch the hound.
The hound is moderately wounded.
The hound closely misses you. The gnoll closely misses you.
The hound bites you.
You closely miss the hound.
You touch the hound!
The hound is severely wounded.
The hound misses you. The gnoll misses you.
You barely miss the hound.
The hound is severely wounded.
The hound bites you.
The gnoll hits you from afar with a +0 halberd.
The hound bites you.
You hit the hound.
The hound is almost dead.
The hound barely misses you. The gnoll closely misses you.
You hit the hound.
You kill the hound!
The gnoll misses you. The gnoll closely misses you.
Your Invocations skill increases to level 3!
The gnoll closely misses you. x2
You hit the gnoll but do no damage.
You touch the gnoll!
The gnoll is heavily wounded.
You block the gnoll's attack.
You hit the gnoll but do no damage.
The gnoll is heavily wounded.
The gnoll hits you with a +0 halberd. The gnoll barely misses you.
The gnoll closely misses you. The gnoll hits you with a +0 halberd!
You emit a cloud of foul miasma!
The gnoll is engulfed in dark miasma.
The gnoll is poisoned.
The gnoll hits you with a +0 halberd!
You die...

#....# ....P #....#
.....P #....# .....P ..
#...######....
..##+###+####..#.........
............#'##.†...#
............#..#.g...#
............#..'.g...#
............#..#@....#
............#..#.....#
............#..#.....#
............####.....#
.#'######............#
.#..# #.......)....####
.+..+ #.......#'####..#
.#..# #.......'...'...#
##..# #.......#...#...#


You could see 2 gnolls.

Vanquished Creatures
  A hound (D:4)
  A bombardier beetle (D:3)
  A gnoll (D:4)
  7 adders
  A dart slug (D:1)
  3 ribbon worms
  6 orcs (D:3)
  7 ball pythons
  7 endoplasms
  2 giant cockroaches
  A goblin (D:1)
  6 hobgoblins
  6 jackals
  3 quokkas
  6 bats
  6 frilled lizards
  8 kobolds
  6 rats
78 creatures vanquished.

Notes
Turn   | Place    | Note
-------+----------+-------------------------------------------
     0 | D:1      | Gadfly the Demonspawn Monk began the quest for the Orb.
     0 | D:1      | Reached XP level 1. HP: 18/18 MP: 1/1
   179 | D:1      | Reached skill level 1 in Invocations
   179 | D:1      | Gained mutation: You may rarely emit foul miasma when
                  | damaged in melee. [demonic ancestry]
   179 | D:1      | Reached XP level 2. HP: 24/24 MP: 2/2
   337 | D:1      | Reached skill level 1 in Evocations
   591 | D:1      | Reached XP level 3. HP: 27/29 MP: 4/4
   969 | D:2      | Reached skill level 1 in Shapeshifting
  1612 | D:2      | Discovered your monstrous ancestry.
  1612 | D:2      | Gained mutation: Your touch may inflict minor irresistible
                  | damage on your foes. [demonic ancestry]
  1612 | D:2      | Reached XP level 4. HP: 22/35 MP: 5/5
  2386 | D:3      | Gained mutation: A meltable shield of frost defends you.
                  | (SH +4) [demonic ancestry]
  2386 | D:3      | Reached XP level 5. HP: 37/41 MP: 5/7
  3201 | D:4      | Slain by a gnoll

Illustrated notes

Levels and vault maps discovered:
D:1:      lightli_arrival_noodles, layout_basic
D:2:      layout_basic, nicolae_concentric_dashed_squares_mild,
          guppyfry_early_lair_pool
D:3:      layout_loops_corners, nicolae_figureground_sparkle
D:4:      layout_gridville, nemelex_dance_club_becter, dreamdust_gnoll_farm

Skill      XL: |  1  2  3  4  5 |
---------------+----------------+-----
Invocations    | 1 2 3 |  3.0
Evocations     | 1 2 |  2.4
Unarmed Combat | 3 |  3.6
Shapeshifting  | 1 |  1.9
Dodging        | 3 |  3.1
Fighting       | |  3.0

Action                     |  1- 3 |  4- 6 || total
---------------------------+-------+-------++-------
  Melee: Unarmed           |   138 |    90 ||   228
         Touch             |       |    18 ||    18
         Punch             |       |     1 ||     1
    Use: Potion            |     2 |       ||     2
         Scroll            |     1 |     5 ||     6
   Stab: Sleeping          |       |     2 ||     2
 Armour: Robe              |    64 |    40 ||   104
  Dodge: Dodged            |    76 |    59 ||   135
  Block: Other             |       |     8 ||     8
